Map: 2000 Atmospheres LE

Players

ViBE - Winner!

  • Race: Protoss Protoss
  • League: Diamond

Fayx

  • Race: Protoss Protoss
  • League: Diamond

VOD

Have the link to the VOD?

Description

Time

  • Played on: April 16, 2021, 11:42 p.m.
  • Length: 4:52
Show
View Real Time Build Order
Export as new Build Order

ViBE Protoss - Winner!

Build Orders:  

Get SALT Encoding   

  12  0:00  Probe  
  13  0:12  Probe  
  14  0:18  Pylon  
  14  0:24  Probe  
  15  0:37  Probe (Chrono Boost)  
  15  0:40  Gateway  
  16  0:48  Assimilator  
  17  0:51  Probe (Chrono Boost)  
  17  0:56  Probe (Chrono Boost)  
  18  1:06  Probe (Chrono Boost)  
  19  1:17  Probe (Chrono Boost)  
  20  1:20  Gateway  
  20  1:22  Probe (Chrono Boost)  
  21  1:27  Cybernetics Core  
  21  1:31  Assimilator  
  21  1:33  Pylon  
  21  1:35  Probe  
  22  1:47  Probe  
  23  2:05  Stalker  
  23  2:06  Warp Gate  
  25  2:11  Pylon  
  25  2:12  Stalker  
  27  2:33  Robotics Facility  
  27  2:35  Gateway  
  27  2:36  Pylon  
  27  2:46  Probe  
  28  3:01  Pylon  
  28  3:17  Stalker x2  
  32  3:22  Immortal (Chrono Boost)  
  32  3:24  Stalker  
  38  3:51  Immortal (Chrono Boost)  
  42  4:02  Stalker x2  
  46  4:04  Stalker  
  48  4:27  Stalker  
  48  4:28  Zealot, Stalker  
Show
View Real Time Build Order
Export as new Build Order

Fayx Protoss 

Build Orders:  

Get SALT Encoding   

  12  0:00  Probe  
  13  0:12  Probe  
  14  0:19  Pylon  
  14  0:25  Probe  
  15  0:38  Gateway  
  15  0:39  Probe  
  16  0:51  Assimilator  
  16  0:52  Probe (Chrono Boost)  
  18  1:04  Probe (Chrono Boost)  
  18  1:09  Probe (Chrono Boost)  
  19  1:18  Probe  
  19  1:22  Gateway  
  19  1:25  Cybernetics Core  
  20  1:30  Probe  
  21  1:37  Pylon  
  21  1:42  Probe  
  22  1:55  Probe  
  22  1:57  Assimilator  
  23  2:05  Warp Gate  
  23  2:09  Stalker  
  23  2:13  Stalker  
  27  2:18  Probe  
  27  2:19  Pylon  
  28  2:30  Probe  
  29  2:42  Probe  
  30  2:48  Stalker  
  30  2:49  Stalker  
  33  2:55  Robotics Facility  
  33  2:56  Probe  
  34  3:08  Probe  
  35  3:20  Probe  
  36  3:27  Nexus  
  36  3:30  Shield Battery  
  36  3:42  Shield Battery  
  36  3:52  Probe  
  37  4:01  Pylon  
  37  4:04  Probe  
  38  4:18  Immortal (Chrono Boost)  
  38  4:21  Pylon  
  38  4:27  Stalker x2  
  41  4:34  Shield Battery  
  41  4:44  Pylon x2  
Tags
 
Add a new tag
Caveats
  • Supply blocks, unpowered buildings, or Contaminate may cause inaccurate times.
  • Supply counts are checked every 10 seconds.